 Dungeon Crawl Stone Soup version 0.28-b1-70-g80dc712255 (webtiles) character file.

Game seed: 2172906855511812843

488 pkoi the Conjurer (level 6, -11/45 HPs)
             Began as a Draconian Conjurer on Feb 3, 2022.
             Was an Initiate of Dithmenos.
             Mangled by Pikel (20 damage)
             ... on level 4 of the Dungeon.
             The game lasted 00:06:20 (6685 turns).

pkoi the Conjurer (Draconian Conjurer)              Turns: 6685, Time: 00:06:20

Health: -11/45     AC: 10    Str:  9    XL:     6   Next: 90%
Magic:  0/11       EV: 12    Int: 21    God:    Dithmenos [......]
Gold:   94         SH:  0    Dex:  9    Spells: 1/12 levels left

rFire   . . .      SeeInvis .   h - +1 whip (elec)
rCold   . . .      Faith    .   (no shield)
rNeg    . . .      Spirit   .   (armour unavailable)
rPois   .          Reflect  .   (helmet restricted)
rElec   .          Harm     .   (no cloak)
rCorr   .          Rampage  .   (no gloves)
Will    .....                   (no boots)
Stlth   ++........              (no amulet)
HPRegen 0.15/turn               d - +4 ring of protection
MPRegen 0.12/turn               (no ring)

@: no status effects
A: AC +6, unfitting armour, cold-blooded
a: Renounce Religion


You were on level 4 of the Dungeon.
You worshipped Dithmenos.
Dithmenos was noncommittal.
You visited 1 branch of the dungeon, and saw 5 of its levels.

You collected 94 gold pieces.

Inventory:

Hand Weapons
 h - a +1 whip of electrocution (weapon)
Jewellery
 d - a +4 ring of protection (left hand)
 j - a ring of flight
Wands
 a - a wand of digging (4)
 n - a wand of polymorph (11)
Scrolls
 b - a scroll of noise {unknown}
 c - 3 scrolls of identify {unknown}
 e - a scroll of enchant armour {unknown}
 f - a scroll of teleportation {unknown}
 k - a scroll of fog {unknown}
 l - a scroll of holy word {unknown}
Potions
 g - a potion of invisibility {unknown}
 i - a potion of magic {unknown}
 m - a potion of curing {unknown}


   Skills:
 - Level 1.7 Dodging
 - Level 1.7 Stealth
 + Level 3.8 Spellcasting
 * Level 6.7 Conjurations
 + Level 1.2 Translocations
 + Level 2.3 Fire Magic


You had one spell level left.
You knew the following spells:

 Your Spells              Type           Power      Damage    Failure   Level
a - Magic Dart            Conj           100%       1d8       1%          1
b - Searing Ray           Conj           64%        2d6       1%          2
c - Flame Wave            Conj/Fire      23%        2d7       19%         4
d - Iskenderun's Mystic   Conj/Tloc      20%        2d6       24%         4

Your spell library contained the following spells:

 Spells                   Type           Power      Damage    Failure   Level
 Beastly Appendage        Tmut           8%         N/A       12%         1
 Scorch                   Fire           26%        2d6       7%          2
 Dazzling Flash           Conj/Hex       36%        N/A       9%          3
 Wereblood                Tmut           4%         N/A       19%         2
 Fulminant Prism          Conj/Hex       9%         3d7       30%         4
 Spider Form              Tmut/Pois      4%         N/A       36%         3
 Tukima's Dance           Hex            4%         N/A       36%         3
 Passage of Golubria      Tloc           9%         N/A       58%         4
 Yara's Violent Unravell  Hex/Tmut       2%         3d3       98%         5
 Summon Cactus Giant      Summ           2%         N/A       100%        6


Dungeon Overview and Level Annotations

Branches:
Dungeon (5/15)
 Temple: D:4-7

Altars:
Dithmenos
Nemelex Xobeh

Annotations:
D:3 2 transporters, Minsecho's ghost, amateur MiFi
D:4 1 runed translucent door, Pikel; cayde69's ghost, amateur GnAr


Innate Abilities, Weirdness & Mutations

Your plain brown scales are hard. (AC +6)
You cannot fit into any form of body armour.
You are cold-blooded and may be slowed by cold attacks.


Message History

Casting: Searing Ray (safe; 1% risk of failure)
Confirm with . or Enter, or press ? or * to list all spells.
Aiming: Searing Ray (safe; 1% risk of failure)
Press: ? - help, Shift-Dir - straight line, f - Pikel
Aim: Pikel, wielding a +0 whip of electrocution and wearing a +2 robe of cold resistance (heavily wounded, 76% to hit)
The searing ray hits Pikel.
Pikel is heavily wounded. (Press . to maintain the ray.) Pikel barely misses you.
The searing ray hits Pikel.
Pikel is severely wounded.
Pikel waves his whip at you. Pikel hits you but does no damage.
You are electrocuted!
The searing ray hits Pikel.
Pikel is severely wounded.
Pikel closely misses you.
The searing ray hits Pikel.
Pikel is severely wounded.
You finish channelling your searing ray.
Pikel hits you with a +0 whip of electrocution!
Unknown command.
Pikel says, "Antaeus said I was his favorite kobold.
Me!"
Casting: Searing Ray (safe; 1% risk of failure)
Confirm with . or Enter, or press ? or * to list all spells.
Aiming: Searing Ray (safe; 1% risk of failure)
Press: ? - help, Shift-Dir - straight line, f/p - Pikel
Aim: Pikel, wielding a +0 whip of electrocution and wearing a +2 robe of cold resistance (severely wounded, 76% to hit)
The searing ray hits Pikel but does no damage.
Pikel is severely wounded. (Press . to maintain the ray.) Pikel hits you with a +0 whip of electrocution.
The searing ray hits Pikel but does no damage.
Pikel is severely wounded.
Pikel hits you with a +0 whip of electrocution.
You are electrocuted!
* * * LOW HITPOINT WARNING * * *
The searing ray hits Pikel.
Pikel is severely wounded.
Pikel hits you but does no damage.
You are electrocuted!!
You die...

###### .....##########
####.##.......##############
...#.##.......'..^.........#
##.#.#........############.######
#.#............@K...............
#.#.#.###.#############.#.######
##.#.#.###.# ######## #.#.#
...#)#.#..####......# #.#.#
####.#.#..#.♣######.####.#.######
....>.....+W8#...................
...#.#....#.♣####.....##.#.######
##.#......### #.....##.#.......
..........# #.....##.........


You could see Pikel.

Vanquished Creatures
  2 lemures (D:5)
  A scorpion (D:4)
  A water moccasin skeleton (D:5)
  A bullfrog zombie (D:5)
  A hound (D:2)
  An orc priest (D:3)
  An orc wizard (D:3)
  An iguana (D:5)
  Natasha (twice) (D:4)
  7 adders
  3 ufetubi
  3 worms
  4 dart slugs
  9 orcs
  3 bats
  4 endoplasms
  3 giant cockroaches
  10 goblins
  9 hobgoblins
  8 kobolds
  3 quokkas
  9 ball pythons
  4 frilled lizards
  2 rats
92 creatures vanquished.

Notes
Turn   | Place    | Note
-------+----------+-------------------------------------------
     0 | D:1      | pkoi the Draconian Conjurer began the quest for the Orb.
     0 | D:1      | Reached XP level 1. HP: 14/14 MP: 3/3
   317 | D:1      | Reached XP level 2. HP: 20/20 MP: 0/5
   801 | D:1      | Learned a level 2 spell: Searing Ray
  1051 | D:1      | Found a faded altar of an unknown god.
  1389 | D:2      | Reached XP level 3. HP: 26/26 MP: 0/6
  1790 | D:2      | Reached skill level 5 in Conjurations
  2024 | D:2      | Reached XP level 4. HP: 18/33 MP: 8/8
  2751 | D:3      | Learned a level 4 spell: Flame Wave
  3062 | D:3      | Found a transporter.
  3064 | D:3      | Noticed Minsecho's ghost (amateur MiFi)
  3065 | D:3      | Found a transporter.
  3484 | D:3      | Reached XP level 5. HP: 38/38 MP: 2/9
  3596 | D:3      | Found a sparkling altar of Nemelex Xobeh.
  4234 | D:3      | Reached skill level 1 in Fire Magic
  4500 | D:4      | Reached skill level 6 in Conjurations
  4915 | D:4      | Reached XP level 6. HP: 40/45 MP: 5/11
  4953 | D:4      | Learned a level 4 spell: Iskenderun's Mystic Blast
  5038 | D:4      | Noticed Natasha
  5042 | D:4      | Killed Natasha
  5145 | D:4      | Found a runed translucent door.
  5145 | D:4      | Noticed cayde69's ghost (amateur GnAr)
  5679 | D:4      | Noticed Natasha
  5687 | D:4      | Killed Natasha
  5796 | D:4      | Found a shadowy altar of Dithmenos.
  5991 | D:4      | Became a worshipper of Dithmenos the Shadowed
  6018 | D:5      | Entered Level 5 of the Dungeon
  6186 | D:5      | Reached skill level 1 in Translocations
  6385 | D:5      | Noticed Pikel
  6685 | D:4      | Mangled by Pikel

Illustrated notes

Levels and vault maps discovered:
D:1:      dpeg_arrival_rhombi, layout_basic,
          shapermc_ecumenical_altar_acropolis, corexii_item_surrounded_by_moat
D:2:      layout_basic
D:3:      layout_basic, nemelex_spade_bored_becter, gammafunk_ghost_arena
D:4:      layout_basic, nicolae_dithmenos_through_a_glass_darkly,
          gammafunk_ghost_grave, uniq_natasha
D:5:      layout_basic, nicolae_overflow_hidden_temple,
          mainiacjoe_overflow_paths, serial_shops,
          nicolae_shop_advertising_works [nicolae_subvault_shop_adworks],
          uniq_eustachio, uniq_pikel, uniq_blork_the_orc

Skill      XL: |  1  2  3  4  5  6 |
---------------+-------------------+-----
Conjurations   | 5 6 |  6.7
Spellcasting   | 3 |  3.8
Fire Magic     | 1 2 |  2.3
Translocations | 1 |  1.2
Dodging        | |  1.7
Stealth        | |  1.7

Action                   |  1- 3 |  4- 6 || total
-------------------------+-------+-------++-------
Melee: Rapier            |    37 |     7 ||    44
       Tailslap          |     2 |     1 ||     3
       Punch             |     1 |       ||     1
       Whip              |       |    19 ||    19
 Cast: Magic Dart        |    54 |    99 ||   153
       Searing Ray       |     1 |    18 ||    19
Armor: Skin              |    21 |    43 ||    64
Dodge: Dodged            |    37 |    62 ||    99
